AoeStats
← Mr.Godo

Arena

509890500Analyzed
4v4 RM · 4d ago on Sep 28, 2026· 46m 22s· 8 players
Game mode
Random Map
Map size
Large (8 player)
Population
200
Speed
Normal
Resources
Standard
Victory
Conquest
Starting age
Dark Age
Ending age
Imperial Age
RankedLock teamsTeams togetherTeam positionsShared explorationLock speedFull tech treeHidden civsTurbo modeCheats
Victory
Defeat
🇲🇽 Bohemians · Mexico
1245
+14
🇰🇷 Vikings · South Korea
1170
+18
🇲🇽 Tatars · Mexico
1129
+19
🇰🇷 Persians · South Korea
1069
+22
1251
-20
🇩🇪 Franks · Germany
1238
-20
🇫🇮 Danes · Finland
1181
-17
1136
-16
TFS|Nappa
10:16 Feudal Age
11:28 Double-Bit Axe
14:24 Castle Age
12:53 Horse Collar
29:33 Loom
30:38 Bow Saw
30:51 Heavy Plow
31:20 Gold Mining
37:37 Imperial Age
36:26 Wheelbarrow
36:26 Squires
36:12 Arson
39:13 Forging
40:32 Elite Varangian Guard
42:44 Gold Shaft Mining
43:00 Scale Mail Armor
45:53 Conscription
46:10 Chain Mail Armor
46:30 Iron Casting
46:46 Iron Casting
46:30 Hand Cart
J'aimeTropTonBoule [French]
10:44 Feudal Age
14:48 Castle Age
13:35 Loom
13:39 Double-Bit Axe
16:50 Forging
19:24 Scale Barding Armor
23:40 Iron Casting
25:09 Chain Barding Armor
27:09 Gold Mining
32:03 Imperial Age
32:13 Imperial Age
31:05 Scale Mail Armor
32:23 Devotion
32:59 Stone Mining
36:13 Chain Mail Armor
35:53 Horse Collar
37:12 Fortified Wall
38:20 Elite Varangian Guard
39:51 Plate Mail Armor
41:12 Pikeman
42:14 Heavy Plow
43:21 Light Cavalry
44:19 Halberdier
follow the white rabbit Δ
11:45 Feudal Age
12:31 Horse Collar
12:38 Double-Bit Axe
17:38 Castle Age
17:48 Wheelbarrow
18:33 Stone Mining
18:36 Gold Mining
19:29 Hand Cart
19:26 Bow Saw
19:42 Loom
26:06 Stone Shaft Mining
31:01 Imperial Age
29:05 Fletching
30:49 Bodkin Arrow
31:50 Bracer
33:20 Ballistics
34:56 Chemistry
33:58 Padded Archer Armor
34:30 Elite Skirmisher
36:18 Crossbowman
37:53 Leather Archer Armor
40:35 Thumb Ring
[FUCKI] Obi-One Canboneme
11:58 Feudal Age
15:33 Castle Age
13:37 Double-Bit Axe
13:51 Stone Mining
14:41 Gold Mining
17:26 Bow Saw
20:38 Loom
21:45 Wheelbarrow
21:42 Forging
22:35 Scale Barding Armor
23:10 Husbandry
24:09 Hand Cart
25:31 Gold Shaft Mining
31:06 Imperial Age
29:25 Iron Casting
29:11 Chain Barding Armor
29:12 Fletching
32:19 Conscription
31:55 Elite Throwing Axeman
32:40 Scale Mail Armor
35:59 Chemistry
36:56 Chivalry
36:36 Cavalier
38:48 Paladin
40:59 Blast Furnace
41:34 Plate Barding Armor
44:49 Ballistics
44:35 Siege Engineers
Hastek
10:40 Feudal Age
14:35 Castle Age
12:23 Double-Bit Axe
13:12 Loom
14:02 Wheelbarrow
15:35 Bow Saw
15:33 Horse Collar
21:56 Heavy Plow
25:29 Gold Mining
28:36 Imperial Age
27:02 Gold Shaft Mining
27:20 Bloodlines
27:42 Scale Barding Armor
28:58 Hand Cart
29:33 Husbandry
29:27 Treadmill Crane
29:58 Masonry
30:10 Forging
29:58 Heavy Camel Rider
31:28 Siege Engineers
33:25 Iron Casting
33:10 Chain Barding Armor
33:50 Timurid Siegecraft
34:29 Conscription
36:14 Blast Furnace
35:49 Plate Barding Armor
34:52 Light Cavalry
36:45 Ballistics
36:20 Fletching
36:30 Padded Archer Armor
37:11 Silk Armor
38:43 Plate Barding Armor
40:14 Bodkin Arrow
40:35 Leather Archer Armor
41:51 Chemistry
42:05 Silk Armor
41:59 Elite Keshik
44:00 Heavy Cavalry Archer
45:37 Bracer
DSLG | Rommel
6:12 Loom
9:01 Feudal Age
15:12 Castle Age
13:38 Horse Collar
14:01 Double-Bit Axe
19:01 Fletching
22:37 Fervor
26:03 Sanctity
30:36 Redemption
31:33 Light Cavalry
32:13 Husbandry
34:33 Bodkin Arrow
34:43 Heavy Plow
34:59 Bow Saw
35:40 Ballistics
36:18 Wagenburg Tactics
37:24 Wheelbarrow
37:08 Fortified Wall
39:10 Padded Archer Armor
40:12 Chemistry
39:23 Masonry
43:16 Imperial Age
45:12 Conscription
45:42 Architecture
45:42 Bracer
45:53 Siege Engineers
45:34 Houfnice
Mr.Godo
10:26 Feudal Age
14:39 Castle Age
13:12 Double-Bit Axe
14:41 Horse Collar
15:29 Loom
20:09 Scale Mail Armor
23:43 Gold Mining
24:23 Bow Saw
25:34 Gold Shaft Mining
27:30 Heavy Plow
31:57 Imperial Age
29:24 Stone Mining
29:55 Treadmill Crane
30:46 Chieftains
32:19 Elite Varangian Guard
33:00 Squires
33:16 Forging
34:45 Conscription
34:26 Onager
35:11 Fletching
35:10 Crossbowman
36:22 Bodkin Arrow
37:14 Bracer
37:20 Arbalester
39:15 Ballistics
39:56 Chemistry
39:31 Padded Archer Armor
40:52 Fortified Wall
42:25 Chemistry
42:42 Siege Engineers
44:31 Leather Archer Armor
45:12 Masonry
Sophie_J
10:33 Feudal Age
14:53 Castle Age
13:12 Double-Bit Axe
13:52 Horse Collar
18:23 Wheelbarrow
19:38 Loom
19:48 Loom
19:48 Town Watch
22:29 Hand Cart
25:42 Bow Saw
29:05 Imperial Age
27:16 Gold Mining
27:19 Stone Mining
27:23 Gold Mining
28:16 Murder Holes
28:31 Masonry
28:33 Forging
28:23 Scale Mail Armor
28:28 Scale Barding Armor
29:42 Guilds
28:59 Capped Ram
29:37 Pikeman
30:39 Squires
30:24 Arson
31:25 Gold Shaft Mining
31:32 Stone Shaft Mining
32:00 Two-Man Saw
31:02 Heavy Plow
31:25 Conscription
32:18 Architecture
32:09 Chain Barding Armor
32:05 Chain Mail Armor
32:25 Iron Casting
32:03 Bloodlines
31:13 Light Cavalry
32:22 Husbandry
31:42 Cavalier
31:43 Light Cavalry
32:29 Siege Ram
35:36 Hussar
37:43 Hoardings
36:41 Savar
36:43 Hussar
39:20 Crop Rotation
38:43 Elite War Elephant
39:58 Hoardings
39:34 Halberdier
42:28 Plate Barding Armor
Connection lost

Rejoining the realm…

Still unreachable

The connection could not be restored.

Session expired

The server has moved on; the page needs a fresh start.